AoeStats
← CHRISTO LE ROI8

Oasis

510161171Analyzed
2v2 RM · 2d ago on Sep 29, 2026· 56m 36s· 4 players
Game mode
Random Map
Map size
Medium (4 player)
Population
200
Speed
Normal
Resources
Standard
Victory
Conquest
Starting age
Dark Age
Ending age
Imperial Age
RankedLock teamsTeams togetherTeam positionsShared explorationLock speedFull tech treeHidden civsTurbo modeCheats
Victory
Defeat
🇦🇹 Sicilians · Austria
926
+13
🇦🇹 Goths · Austria
888
+14
🇫🇷 Romans · France
868
-14
🇮🇳 Tatars · India
849
-13
CHRISTO LE ROI8
12:16 Feudal Age
13:05 Double-Bit Axe
14:21 Wheelbarrow
14:40 Horse Collar
21:07 Castle Age
19:04 Stone Mining
21:07 Forging
21:14 Bloodlines
21:29 Gold Mining
22:53 Iron Casting
24:02 Bow Saw
25:10 Heavy Plow
28:14 Hand Cart
33:09 Imperial Age
35:00 Chemistry
33:22 Heavy Scorpion
36:59 Conscription
36:23 Capped Ram
37:10 Caravan
38:16 Blast Furnace
36:43 Pikeman
37:23 Squires
37:29 Husbandry
36:50 Light Cavalry
39:09 Ballistics
38:38 Halberdier
39:43 Ballistas
40:36 Siege Ram
46:11 Crop Rotation
46:34 Gold Shaft Mining
49:02 Elite Centurion
devil
1:11 Loom
2:41 Loom
7:23 Loom
9:24 Loom
11:10 Feudal Age
19:18 Castle Age
27:47 Double-Bit Axe
27:46 Horse Collar
28:29 Bloodlines
37:08 Imperial Age
35:37 Light Cavalry
37:40 Murder Holes
37:59 Masonry
40:04 Forging
39:45 Fletching
41:47 Chemistry
42:52 Caravan
44:26 Town Watch
HansDampf87
0:40 Loom
12:32 Feudal Age
14:45 Forging
21:02 Wheelbarrow
24:55 Castle Age
25:03 Stone Mining
25:08 Gold Mining
27:26 Horse Collar
28:51 Double-Bit Axe
30:17 Stone Shaft Mining
30:40 Heavy Plow
31:08 Bow Saw
34:19 Gold Shaft Mining
34:31 Hand Cart
34:05 Town Watch
35:15 Iron Casting
34:41 Scale Mail Armor
35:29 Ballistics
37:19 Chain Mail Armor
40:20 Imperial Age
41:26 Conscription
41:11 Elite Serjeant
43:46 Blast Furnace
43:44 Plate Mail Armor
45:11 Crop Rotation
45:39 Town Patrol
cptkarachoe
0:37 Loom
13:15 Feudal Age
13:57 Double-Bit Axe
14:22 Horse Collar
18:23 Padded Archer Armor
19:23 Fletching
23:24 Castle Age
23:35 Crossbowman
24:20 Squires
25:47 Anarchy
26:21 Heavy Plow
26:35 Bow Saw
34:06 Murder Holes
38:37 Imperial Age
37:34 Husbandry
37:44 Bloodlines
38:55 Ballistics
38:43 Scale Mail Armor
38:56 Forging
38:53 Scale Barding Armor
39:05 Leather Archer Armor
39:59 Conscription
40:42 Elite Huskarl
46:18 Caravan
51:19 Chain Mail Armor
51:42 Iron Casting
Connection lost

Rejoining the realm…

Still unreachable

The connection could not be restored.

Session expired

The server has moved on; the page needs a fresh start.